 Dungeon Crawl Stone Soup version 0.28-a0-1447-ga5a8893891 (webtiles) character file.

Game seed: 14617952830503886240

88 shadowrider38 the Changer (level 4, -2/31 HPs)
             Began as an Octopode Transmuter on Jan 10, 2022.
             Slain by an orc (7 damage)
             ... on level 3 of the Dungeon.
             The game lasted 00:04:44 (4647 turns).

shadowrider38 the Changer (Octopode Transmuter)     Turns: 4647, Time: 00:04:45

Health: -2/31      AC:  1    Str:  9    XL:     4   Next: 54%
Magic:  6/7        EV: 13    Int: 17    God:
Gold:   119        SH:  0    Dex: 12    Spells: 6/7 levels left

rFire   . . .      SeeInvis .     - Unarmed
rCold   . . .      Faith    +   (no shield)
rNeg    . . .      Spirit   .   (helmet currently unavailable)
rPois   .          Reflect  .   d - amulet of faith
rElec   .          Harm     .   (no ring)
rCorr   .          Rampage  .   (no ring)
Will    .....                   (no ring)
Stlth   ++........              (no ring)
HPRegen 0.10/turn               (no ring)
MPRegen 0.10/turn               (no ring)
                                (no ring)
                                (no ring)

@: appendages (expiring)
A: tentacle spike 3, almost no armour, amphibious, 8 rings, camouflage 1,
gelatinous body 1, (nimble swimmer 1), tentacles
a: End Transformation


You were on level 3 of the Dungeon.
One of your tentacles had grown a beastly spike.
You visited 1 branch of the dungeon, and saw 4 of its levels.

You collected 119 gold pieces.

Inventory:

Hand Weapons
 m - a +0 flail
 r - a +1 dagger of speed
Missiles
 c - 90 stones
Armour
 b - an orb of wrath
 g - a +0 kite shield
Jewellery
 d - an amulet of faith (around mantle)
 n - an amulet of reflection
 o - a ring of magical power
Wands
 k - a wand of flame (25)
Scrolls
 a - 2 scrolls of teleportation
 e - a scroll of blinking {unknown}
 i - 2 scrolls of identify {unknown}
 j - a scroll of enchant armour {unknown}
 l - a scroll of fear {unknown}
 q - a scroll of fog {unknown}
Potions
 f - a potion of degeneration {unknown}
 h - a potion of curing {unknown}
 p - a potion of haste {unknown}


   Skills:
 - Level 3.0 Fighting
 - Level 2.0 Dodging
 - Level 3.0 Unarmed Combat
 - Level 2.0 Spellcasting
 + Level 3.5 Transmutations


You had 6 spell levels left.
You knew the following spells:

 Your Spells              Type           Power      Damage    Failure   Level
a - Beastly Appendage     Tmut           26%        N/A       4%          1

Your spell library contained the following spells:

 Spells                   Type           Power      Damage    Failure   Level
 Wereblood                Tmut           13%        N/A       7%          2
 Summon Small Mammal      Summ           4%         N/A       19%         1
 Spider Form              Tmut/Pois      7%         N/A       28%         3
 Call Canine Familiar     Summ           1%         N/A       50%         3
 Summon Guardian Golem    Hex/Summ       1%         N/A       50%         3
 Ice Form                 Ice/Tmut       7%         N/A       67%         4


Dungeon Overview and Level Annotations

Branches:
Dungeon (4/15)
 Temple: D:4-7

Altars:
Kikubaaqudgha
Wu Jian
Zin

Annotations:
D:2 1 runed translucent door, exclusion: goblin, Crazy Yiuf


Innate Abilities, Weirdness & Mutations

One of your tentacles has grown a beastly spike.
You cannot wear most types of armour.
You are amphibious.
You can wear up to eight rings at the same time.
Your skin changes colour to match your surroundings (Stealth+).
Your rubbery body absorbs attacks. (AC +1, EV +1)
((You are camouflaged when in or above water. (Stealth+)))
You have tentacles for arms and can constrict up to eight enemies at once.


Message History

An orc is nearby!
Okay, then. 5 orcs come into view.
Found a hand crossbow.
The orc shouts! x4
An orc comes into view. It is wielding a +0 short sword.
The orc shouts!
The orc hits you with a +0 flail!
An orc comes into view. It is wielding a +0 mace.
There is an escape hatch in the ceiling here.
The orc closely misses you. A mysterious force pulls you upwards.
The hatch slams shut behind you.
Casting: Beastly Appendage (safe; 4% risk of failure)
Press: ? - help, Q - select action, (/) - cycle Dir - look around, f - activate One of your tentacles grows a vicious spike.
The orc misses you. The orc hits you with a +0 flail.
You tentacle-slap the orc. Your grab misses the orc.
You pierce the orc.
The orc is heavily wounded.
The orc misses you. The orc hits you with a +0 flail.
You tentacle-slap the orc. Your grab misses the orc.
The orc is almost dead.
The orc closely misses you. The orc misses you.
You closely miss the orc. You grab the orc.
The orc is almost dead.
You constrict the orc, but do no damage.
The orc hits you with a +0 club. The orc hits you with a +0 flail.
You tentacle-slap the orc.
You kill the orc!
You tentacle-slap the orc. You grab the orc.
The orc is heavily wounded.
You constrict the orc, but do no damage.
The orc hits you with a +0 flail!
* * * LOW HITPOINT WARNING * * *
You tentacle-slap the orc but do no damage.
Your squeeze misses the orc.
The orc is heavily wounded.
Your transformation is almost over.
You constrict the orc, but do no damage.
The orc hits you with a +0 flail!
You die...

#.##.#.# #.# #..##.#.##
#.##.#.# #.# #..##.#.##
#.##.#.# #.#####.^##.#.##
#.##.#.# #...............
#.##.#.# ########.##.####
#.##.#.### #.##.# #
#.##.....# ###### #
#.####.#.##################
#........)@o...............
########.##################
###


You could see an orc.

Vanquished Creatures
  3 adders
  An adder skeleton (D:4)
  A worm (D:4)
  2 dart slugs (D:2)
  2 orcs (D:3)
  6 endoplasms
  3 giant cockroaches (D:2)
  5 hobgoblins
  3 quokkas
  6 ball pythons
  3 bats
  3 frilled lizards
  6 kobolds
  5 rats
49 creatures vanquished.

Notes
Turn   | Place    | Note
-------+----------+-------------------------------------------
     0 | D:1      | shadowrider38 the Octopode Transmuter began the quest for
                  | the Orb.
     0 | D:1      | Reached XP level 1. HP: 13/13 MP: 3/3
   649 | D:1      | Reached XP level 2. HP: 19/19 MP: 3/5
  1334 | D:2      | Reached XP level 3. HP: 10/25 MP: 6/6
  2753 | D:2      | Found a runed translucent door.
  2754 | D:2      | Noticed Crazy Yiuf
  3199 | D:3      | Reached XP level 4. HP: 31/31 MP: 7/7
  3612 | D:3      | Found an ornate altar of the Wu Jian Council.
  3612 | D:3      | Found a glowing silver altar of Zin.
  3678 | D:3      | Found an ancient bone altar of Kikubaaqudgha.
  3777 | D:3      | Found a faded altar of an unknown god.
  4647 | D:3      | Slain by an orc

Illustrated notes

Levels and vault maps discovered:
D:1:      psy_arrival_fountain, layout_loops_ring, hangedman_glass_teeth
D:2:      layout_basic, minmay_surrounded, uniq_crazy_yiuf_cottage, uniq_robin
D:3:      layout_basic, kiku_gazebo_garden_becter,
          gammafunk_temple_overflow_wave, nicolae_ecumenical_snake_handling,
          grunt_decor_cap, st_stairs_13, minmay_bisected
D:4:      layout_layer_cave, uniq_natasha

Skill      XL: |  1  2  3  4 |
---------------+-------------+-----
Fighting       | 2 3 |  3.0
Transmutations | 3 |  3.5
Dodging        | |  2.0
Unarmed Combat | |  3.0
Spellcasting   | |  2.0

Action                   |  1- 3 |  4- 6 || total
-------------------------+-------+-------++-------
Melee: Unarmed           |    76 |    29 ||   105
       Kick              |    20 |     9 ||    29
       Tentacles         |    12 |     8 ||    20
       Constrict         |    18 |    11 ||    29
       Punch             |     1 |     1 ||     2
 Cast: Beastly Appendage |    22 |    10 ||    32
  Use: Scroll            |     1 |       ||     1
 Stab: Sleeping          |     5 |     3 ||     8
Armor: Skin              |     4 |       ||     4
Dodge: Dodged            |    37 |    15 ||    52

Table legend: (Time is in decaauts)
 A = Elapsed time spent in this place.
 B = Non-inter-level travel time spent in this place.
 C = Inter-level travel time spent in this place.
 D = Time resting spent in this place.
 E = Time spent auto-exploring this place.
 F = Levels seen in this place.
 G = Mean time per level.
                   A        B        C        D        E       F      G
               +--------+--------+--------+--------+--------+-----+--------+
         Total |   4642 |   4483 |    159 |   1339 |   2710 |   4 | 1160.5 |
       Dungeon |   4642 |   4483 |    159 |   1339 |   2710 |   4 | 1160.5 |
               +--------+--------+--------+--------+--------+-----+--------+

Top non-repeatable levels by time:
     D:2: 1942 daAuts
     D:1: 1203 daAuts
     D:3: 796 daAuts
     D:4: 699 daAuts
